BSA
NEW ORLEANS LOOTERS @ BOSTON REBELS
08/09/2030
 
TOP OF THE 1ST
New Orleans Looters batting - Pitching for Boston Rebels : LHP Frank Jackson
Pitching: LHP Frank Jackson
Batting: LHB Miguel Colón 0-0: Ball
1-0: Ball
2-0: Called Strike
2-1: Foul Ball, location: 2F
2-2: Foul Ball, location: 2F
2-2: Ball
3-2: SINGLE (Line Drive, 78S)
Batting: RHB Dave O'Loan 0-0: Called Strike
0-1: Grounds into double play, 6-4-3 (Groundball, 6)
Batting: SHB Arturo Sánchez 0-0: Called Strike
0-1: Ball
1-1: Fly out, F8 (Line Drive, 8RM)
Top of the 1st over - 0 runs, 1 hit, 0 errors, 0 left on base; New Orleans 0 - Boston 0
BOTTOM OF THE 1ST
Boston Rebels batting - Pitching for New Orleans Looters : RHP Juan Martínez
Pitching: RHP Juan Martínez
Batting: LHB Paco Córdova 0-0: Ball
1-0: Fly out, F7 (Flyball, 78D)
Batting: RHB Ken McDonald 0-0: Foul Ball, location: 2F
0-1: Foul Ball, location: 2F
0-2: Ball
1-2: Strikes out looking
Batting: RHB Tony Long 0-0: Ball
1-0: Foul Ball, location: 2F
1-1: Ball
2-1: Swinging Strike
2-2: SINGLE (Line Drive, 78S)
Batting: RHB Randy Simons 0-0: Ball
1-0: Ball
2-0: Ball
3-0: Base on Balls
Tony Long to second
Batting: RHB Alfredo Cortéz 0-0: Fly out, F7 (Flyball, 7D)
Bottom of the 1st over - 0 runs, 1 hit, 0 errors, 2 left on base; New Orleans 0 - Boston 0
TOP OF THE 2ND
New Orleans Looters batting - Pitching for Boston Rebels : LHP Frank Jackson
Batting: RHB Ramón Hernández 0-0: Ball
1-0: Fly out, F7 (Flyball, 7LSF)
Batting: LHB Taylor Smith 0-0: Ball
1-0: Foul Ball, location: 2F
1-1: Ball
2-1: Swinging Strike
2-2: Strikes out looking
Batting: RHB Tim Gardner 0-0: Called Strike
0-1: Foul Ball, location: 2F
0-2: SOLO HOME RUN (Flyball, 7D), Distance : 404 ft
Batting: RHB Run-ming Zhu 0-0: Swinging Strike
0-1: Fly out, F9 (Line Drive, 9LD)
Top of the 2nd over - 1 run, 1 hit, 0 errors, 0 left on base; New Orleans 1 - Boston 0
BOTTOM OF THE 2ND
Boston Rebels batting - Pitching for New Orleans Looters : RHP Juan Martínez
Batting: LHB Ricardo Brandariz 0-0: Ball
1-0: Ball
2-0: Ball
3-0: Ground out 5-3 (Groundball, 5S)
Batting: RHB David Rodríguez 0-0: Called Strike
0-1: Called Strike
0-2: Strikes out looking
Batting: SHB Devin Smith 0-0: Swinging Strike
0-1: Ball
1-1: Swinging Strike
1-2: Ball
2-2: Ball
3-2: Foul Ball, location: 2F
3-2: Base on Balls
Batting: SHB Ismael Sánchez 0-0: Ball
1-0: SINGLE (Line Drive, 89S)
Devin Smith to second
Runner from 2nd tries for 3rd, SAFE, no throw
Batting: LHB Paco Córdova 0-0: Ball
1-0: Ball
2-0: Foul Ball, location: 2F
2-1: Ground out 6-3 (Groundball, 6M)
Bottom of the 2nd over - 0 runs, 1 hit, 0 errors, 2 left on base; New Orleans 1 - Boston 0
TOP OF THE 3RD
New Orleans Looters batting - Pitching for Boston Rebels : LHP Frank Jackson
Batting: RHB Dan Banks 0-0: Ball
1-0: Called Strike
1-1: Swinging Strike
1-2: Ground out 3-1 (Groundball, 34)
Batting: LHB John Hudson 0-0: Ball
1-0: Called Strike
1-1: Fly out, F8 (Flyball, 8RM)
Batting: LHB Miguel Colón 0-0: Ball
1-0: Foul Ball, location: 2F
1-1: Swinging Strike
1-2: Ground out 5-3 (Groundball, 56)
Top of the 3rd over - 0 runs, 0 hits, 0 errors, 0 left on base; New Orleans 1 - Boston 0
BOTTOM OF THE 3RD
Boston Rebels batting - Pitching for New Orleans Looters : RHP Juan Martínez
Batting: RHB Ken McDonald 0-0: Ball
1-0: Fly out, F9 (Flyball, 9)
Batting: RHB Tony Long 0-0: SINGLE (Groundball, 6MD)
Batting: RHB Randy Simons 0-0: Ball
1-0: Swinging Strike
1-1: Swinging Strike
1-2: Foul Ball, location: 2F
1-2: Foul Ball, location: 2F
1-2: Foul Ball, location: 2F
1-2: Strikes out looking
Batting: RHB Alfredo Cortéz 0-0: Ball
1-0: Ball
2-0: Foul Ball, location: 2F
2-1: Fielders Choice at 2nd, 6-4 (Groundball, 56)
Bottom of the 3rd over - 0 runs, 1 hit, 0 errors, 1 left on base; New Orleans 1 - Boston 0
TOP OF THE 4TH
New Orleans Looters batting - Pitching for Boston Rebels : LHP Frank Jackson
Batting: RHB Dave O'Loan 0-0: Ball
1-0: Foul Ball, location: 2F
1-1: Ball
2-1: Called Strike
2-2: Fly out, F9 (Line Drive, 9D)
Batting: SHB Arturo Sánchez 0-0: Called Strike
0-1: Swinging Strike
0-2: Fly out, F5 (Popup, 56S)
Batting: RHB Ramón Hernández 0-0: Called Strike
0-1: Ground out 4-3 (Groundball, 34D)
Top of the 4th over - 0 runs, 0 hits, 0 errors, 0 left on base; New Orleans 1 - Boston 0
BOTTOM OF THE 4TH
Boston Rebels batting - Pitching for New Orleans Looters : RHP Juan Martínez
Batting: LHB Ricardo Brandariz 0-0: Ball
1-0: Ball
2-0: Fly out, F8 (Flyball, 8LS)
Batting: RHB David Rodríguez 0-0: Ball
1-0: Ball
2-0: Ball
3-0: Called Strike
3-1: Swinging Strike
3-2: Strikes out swinging
Batting: SHB Devin Smith 0-0: Called Strike
0-1: SINGLE (Line Drive, 9LS)
Batting: SHB Ismael Sánchez 0-0: Ball
1-0: Ground out 4-3 (Groundball, 4)
Bottom of the 4th over - 0 runs, 1 hit, 0 errors, 1 left on base; New Orleans 1 - Boston 0
TOP OF THE 5TH
New Orleans Looters batting - Pitching for Boston Rebels : LHP Frank Jackson
Batting: LHB Taylor Smith 0-0: Ball
1-0: Foul Ball, location: 2F
1-1: SINGLE (Line Drive, 9S)
Batting: RHB Tim Gardner 0-0: Fielders Choice at 2nd, 6-4 (Groundball, 6MD)
Batting: RHB Run-ming Zhu 0-0: Called Strike
0-1: Foul Ball, location: 2F
0-2: Ball
1-2: Ball
2-2: Fly out, F5 (Popup, 56)
Batting: RHB Dan Banks 0-0: Ball
1-0: Foul Ball, location: 2F
1-1: Foul Ball, location: 2F
1-2: Foul Ball, location: 2F
1-2: SINGLE (Groundball, 5D)
Tim Gardner to second
Batting: LHB John Hudson 0-0: Swinging Strike
0-1: Foul Ball, location: 2F
0-2: Ball
1-2: Ball
2-2: SINGLE (Line Drive, 89M)
Tim Gardner to third
Dan Banks to second
Runner from 3rd tries for Home, SAFE, throw made home
Batting: LHB Miguel Colón 0-0: Ball
1-0: SINGLE (Groundball, 6MD)
Dan Banks to third
John Hudson to second
Runner from 3rd tries for Home, SAFE, no throw
Batting: RHB Dave O'Loan 0-0: Ball
1-0: Foul Ball, location: 2F
1-1: Foul Ball, location: 2F
1-2: Ball
2-2: Fly out, F7 (Flyball, 7)
Top of the 5th over - 2 runs, 4 hits, 0 errors, 2 left on base; New Orleans 3 - Boston 0
BOTTOM OF THE 5TH
Boston Rebels batting - Pitching for New Orleans Looters : RHP Juan Martínez
Batting: LHB Paco Córdova 0-0: Called Strike
0-1: Ball
1-1: Called Strike
1-2: Fly out, F6 (Line Drive, 6M)
Batting: RHB Ken McDonald 0-0: Ball
1-0: Foul Ball, location: 2F
1-1: Ball
2-1: Ball
3-1: Swinging Strike
3-2: SINGLE (Flyball, 9S)
Batting: RHB Tony Long 0-0: Called Strike
0-1: Ball
1-1: Ball
2-1: Swinging Strike
2-2: Ground out 5-3 (Groundball, 56S)
Ken McDonald to second
Batting: RHB Randy Simons 0-0: Ball
1-0: Ball
2-0: Ball
3-0: Called Strike
3-1: Base on Balls
Batting: RHB Alfredo Cortéz 0-0: Foul Ball, location: 2F
0-1: SINGLE (Groundball, 4MD)
Ken McDonald to third
Randy Simons to second
Runner from 3rd tries for Home, SAFE, no throw
Batting: LHB Ricardo Brandariz 0-0: Swinging Strike
0-1: SINGLE (Line Drive, 6)
Randy Simons to third
Alfredo Cortéz to second
Runner from 3rd tries for Home, SAFE, no throw
Batting: RHB David Rodríguez 0-0: Called Strike
0-1: Ball
1-1: Foul Ball, location: 2F
1-2: Ball
2-2: Ball
3-2: SINGLE (Line Drive, 56)
Alfredo Cortéz to third
Ricardo Brandariz to second
Alfredo Cortéz scores
Ricardo Brandariz to third
Batting: SHB Devin Smith 0-0: Swinging Strike
0-1: Ball
1-1: Fly out, F7 (Flyball, 78S)
Bottom of the 5th over - 3 runs, 4 hits, 0 errors, 2 left on base; New Orleans 3 - Boston 3
TOP OF THE 6TH
New Orleans Looters batting - Pitching for Boston Rebels : LHP Frank Jackson
Batting: SHB Arturo Sánchez 0-0: Ball
1-0: Ball
2-0: Foul Ball, location: 2F
2-1: Ball
3-1: Foul Ball, location: 2F
3-2: SINGLE (Line Drive, 6M)
Batting: RHB Ramón Hernández 0-0: Ball
1-0: Grounds into double play, 5-4-3 (Groundball, 56)
Batting: LHB Taylor Smith 0-0: Ball
1-0: Ball
2-0: Called Strike
2-1: Swinging Strike
2-2: Foul Ball, location: 2F
2-2: Strikes out swinging
Top of the 6th over - 0 runs, 1 hit, 0 errors, 0 left on base; New Orleans 3 - Boston 3
BOTTOM OF THE 6TH
Boston Rebels batting - Pitching for New Orleans Looters : RHP Juan Martínez
Pitching: RHP Anthony O'Connor
Batting: SHB Ismael Sánchez 0-0: Ball
1-0: Ball
2-0: Called Strike
2-1: Called Strike
2-2: Foul Ball, location: 2F
2-2: SINGLE (Flyball, 9LS)
Batting: LHB Paco Córdova 0-0: Ball
1-0: Called Strike
1-1: Foul Ball, location: 2F
1-2: Foul Ball, location: 2F
1-2: Grounds into double play, 4-6-3 (Groundball, 4)
Batting: RHB Ken McDonald 0-0: Called Strike
0-1: Ball
1-1: DOUBLE (Line Drive, 78D)
Batting: RHB Tony Long 0-0: Called Strike
0-1: Ball
1-1: Called Strike
1-2: Foul Ball, location: 2F
1-2: Ball
2-2: Foul Ball, location: 2F
2-2: Ball
3-2: Foul Ball, location: 2F
3-2: Ground out 5-3 (Groundball, 56)
Bottom of the 6th over - 0 runs, 2 hits, 0 errors, 1 left on base; New Orleans 3 - Boston 3
TOP OF THE 7TH
New Orleans Looters batting - Pitching for Boston Rebels : LHP Frank Jackson
Batting: RHB Tim Gardner 0-0: Ball
1-0: Called Strike
1-1: Swinging Strike
1-2: Strikes out looking
Batting: RHB Run-ming Zhu 0-0: Ball
1-0: Ball
2-0: Foul Ball, location: 2F
2-1: SOLO HOME RUN (Flyball, 8LXD), Distance : 407 ft
Pitching: LHP Keith Hill
Batting: RHB Dan Banks 0-0: Foul Ball, location: 2F
0-1: Foul Ball, location: 2F
0-2: Ball
1-2: Ball
2-2: Foul Ball, location: 2F
2-2: Foul Ball, location: 2F
2-2: Strikes out swinging
Batting: LHB John Hudson 0-0: Called Strike
0-1: Ball
1-1: Swinging Strike
1-2: Foul Ball, location: 2F
1-2: Strikes out swinging
Top of the 7th over - 1 run, 1 hit, 0 errors, 0 left on base; New Orleans 4 - Boston 3
BOTTOM OF THE 7TH
Boston Rebels batting - Pitching for New Orleans Looters : RHP Jason MacKnight
Pitching: RHP Jason MacKnight
Batting: RHB Randy Simons 0-0: Ball
1-0: Ball
2-0: Called Strike
2-1: Swinging Strike
2-2: SINGLE (Line Drive, 6D)
Batting: RHB Alfredo Cortéz 0-0: 2-RUN HOME RUN (Flyball, 7D), Distance : 385 ft
Pitching: RHP Ienobu Sato
Batting: LHB Ricardo Brandariz 0-0: Ground out 4-3 (Groundball, 34)
Batting: RHB David Rodríguez 0-0: Swinging Strike
0-1: Ground out U3 (Groundball, 3L)
Batting: SHB Devin Smith 0-0: Called Strike
0-1: Fly out, F7 (Flyball, 7S)
Bottom of the 7th over - 2 runs, 2 hits, 0 errors, 0 left on base; New Orleans 4 - Boston 5
TOP OF THE 8TH
New Orleans Looters batting - Pitching for Boston Rebels : LHP Keith Hill
Batting: LHB Miguel Colón 0-0: Called Strike
0-1: Ball
1-1: Ball
2-1: Ball
3-1: Ground out 4-3 (Groundball, 34D)
Batting: RHB Dave O'Loan 0-0: Swinging Strike
0-1: Ground out 6-3 (Groundball, 6)
Batting: SHB Arturo Sánchez 0-0: Ball
1-0: Foul Ball, location: 2F
1-1: Ball
2-1: Called Strike
2-2: Ball
3-2: Ground out 6-3 (Groundball, 6MS)
Top of the 8th over - 0 runs, 0 hits, 0 errors, 0 left on base; New Orleans 4 - Boston 5
BOTTOM OF THE 8TH
Boston Rebels batting - Pitching for New Orleans Looters : RHP Ienobu Sato
Batting: SHB Ismael Sánchez 0-0: Ball
1-0: Ball
2-0: Fly out, F9 (Flyball, 89S)
Batting: LHB Paco Córdova 0-0: Called Strike
0-1: Ball
1-1: Foul Ball, location: 2F
1-2: DOUBLE (Flyball, 8LXD)
Batting: RHB Ken McDonald 0-0: Ball
1-0: Fly out, F4 (Popup, 4)
Batting: RHB Tony Long 0-0: Ball
1-0: Ball
2-0: Foul Ball, location: 2F
2-1: Swinging Strike
2-2: Foul Ball, location: 2F
2-2: Strikes out swinging
Bottom of the 8th over - 0 runs, 1 hit, 0 errors, 1 left on base; New Orleans 4 - Boston 5
TOP OF THE 9TH
New Orleans Looters batting - Pitching for Boston Rebels : LHP Keith Hill
Batting: RHB Ramón Hernández 0-0: Ball
1-0: Foul Ball, location: 2F
1-1: Swinging Strike
1-2: Fly out, F9 (Flyball, 9S)
Batting: LHB Taylor Smith 0-0: Ball
1-0: Ball
2-0: Ground out 4-3 (Groundball, 4)
Batting: RHB Tim Gardner 0-0: Ball
1-0: Foul Ball, location: 2F
1-1: Ball
2-1: Ball
3-1: SINGLE (Line Drive, 7S)
Pinch Runner at 1st Mario Álvarez:
Batting: RHB Run-ming Zhu Pickoff Throw to First - Error! E1
Mario Álvarez to second
0-0: Ground out 6-3 (Groundball, 6S)
Top of the 9th over - 0 runs, 1 hit, 1 error, 1 left on base; New Orleans 4 - Boston 5
Saturday, April 7th, 2018 - OOTP Baseball 18.8 Build 76